 Dungeon Crawl Stone Soup version 0.31-a0-237-g2d982f9f85 (webtiles) character file.

Game seed: 8289962702741407648

207 qw the Shooter (level 5, -8/31 HPs)
             Began as a Gargoyle Hexslinger on July 11, 2023.
             Mangled by an ogre
             ... wielding a +0 giant club
              (15 damage)
             ... on level 3 of the Dungeon.
             The game lasted 00:01:13 (2177 turns).

qw the Shooter (Gargoyle Hexslinger)                Turns: 2177, Time: 00:01:13

Health: -8/31      AC: 14    Str: 10 (11) XL:     5   Next: 85%
Magic:  6/6        EV: 10    Int: 14      God:
Gold:   173        SH:  0    Dex: 10 (11) Spells: 5/6 levels left

rFire   . . .        Y - +1 sling
rCold   . . .        (no shield)
rNeg    + . .        d - +4 ring mail of Complete Protection {+Inv rElec Dex-3}
rPois   inf          b - +0 helmet
rElec   +            (no cloak)
rCorr   .            (no gloves)
SInv    .            (no boots)
Will    .....        (no amulet) Stlth
                     (no ring)
HPRegen 0.25/turn    (no ring)
MPRegen 0.10/turn

%: no passive effects
@: no status effects
A: sickness immunity, AC +4, negative energy resistance 1, electricity
resistance, torment resistance 1, petrification resistance
a: Evoke Invisibility


You were on level 3 of the Dungeon.
You visited 1 branch of the dungeon, and saw 3 of its levels.

You collected 173 gold pieces.


Innate Abilities, Weirdness & Mutations

You are immune to sickness and miasma.
Your stone body is resilient. (AC +4)
You are immune to poison.
You resist negative energy. (rN+)
You are resistant to electric shocks. (rElec)
You are resistant to unholy torment.
You are immune to petrification.


   Skills:
 + Level 2.7 Fighting
 - Level 5.1 Ranged Weapons
 - Level 1.3 Armour
 - Level 1.5 Dodging
 - Level 1.0 Spellcasting
 - Level 2.6 Hexes


You had 5 spell levels left.
You knew the following spells:

 Your Spells              Type           Power      Damage    Failure   Level
a - Slow                  Hex            32%        N/A       22%         1

Your spell library contained the following spells:

 Spells                   Type           Power      Damage    Failure   Level
 Inner Flame              Hex/Fire       4%         N/A       75%         3
 Portal Projectile        Hex/Tloc       8%         N/A       75%         3
 Cause Fear               Hex            4%         N/A       91%         4

Inventory:

Hand Weapons
 Y - a +1 sling (weapon)
Armour
 b - a +0 helmet (worn)
 d - the +4 ring mail of Complete Protection (worn) {+Inv rElec Dex-3}
   (You acquired it on level 3 of the Dungeon)

   Dex:       It affects your dexterity (-3).
   rElec:     It insulates you from electricity.
   +Inv:      It lets you turn invisible.
Jewellery
 e - a ring of ice
Scrolls
 a - a scroll of identify
 c - a scroll of vulnerability {unknown}
Potions
 f - a potion of cancellation
 g - a potion of brilliance {unknown}
 h - a potion of haste

Dungeon Overview and Level Annotations

Branches:
Dungeon (3/15)

Altars:

Shops:
D:1 [


Message History

Enter note:
Enter note: You shoot a sling bullet.
The sling bullet hits the orc but does no damage.
c - a scroll labelled DURRESCH KUMADY You shoot a sling bullet.
The sling bullet hits the orc!
You kill the orc!
You hear a splash.
You enter the shallow water.
Moving in this stuff is going to be slow.
The ogre shouts!
Enter note:
Enter note:
2170 ||| Stepping ~*~*~tactically~*~*~ (water).
The orc shouts!
You shoot a sling bullet.
The sling bullet closely misses the ogre.
You shoot a sling bullet. The sling bullet hits the ogre.
The ogre is moderately wounded.
The ogre hits you with a +0 giant club!!
Ouch! That really hurt!
2173 ||| DRINKING potion of heal wounds.
You feel much better.
The ogre hits you with a +0 giant club!!
Ouch! That really hurt!
You shoot a sling bullet.
The sling bullet hits the ogre but does no damage.
The ogre is moderately wounded.
The ogre barely misses you.
You shoot a sling bullet. The sling bullet hits the ogre.
The ogre is heavily wounded.
The orc hits you but does no damage.
You shoot a sling bullet. The sling bullet hits the ogre!
The ogre is severely wounded.
The ogre closely misses you. The orc closely misses you.
The orc barely misses you.
You shoot a sling bullet. The sling bullet hits the ogre.
The ogre is almost dead.
The ogre hits you with a +0 giant club!
You die...

### .... ###############
....###.............##
~........P~~.........###
P~~P~....P~~~~..........
~~~~~~~~~~~~~~~~~.~.....
~~~~~~~~~~~~~~~~P.......
~~~~~~~~~~~~~~~~~~~..~[.
~~P..~~@~~~~.~~~~~~~~~..
.......Oo~$.~~~~~~~~~~~.
...........~..~~~~~~~~~.
..............~..~~~~P~~
.$...............~))~~~~
....................~%~~
...............##...P~~~
............... ##...#~~
...##~


You could see an ogre and an orc.

Vanquished Creatures
  A jelly (D:2)
  Jessica (D:2)
  An orc wizard (D:3)
  4 gnolls
  2 adders (D:2)
  A worm (D:2)
  2 dart slugs (D:1)
  An orc (D:3)
  7 ball pythons
  4 endoplasms
  2 giant cockroaches
  8 goblins
  6 hobgoblins
  3 kobolds
  A quokka (D:2)
  8 bats
  8 frilled lizards
  4 rats
64 creatures vanquished.

Notes
Turn   | Place    | Note
-------+----------+-------------------------------------------
     0 | D:1      | qw the Gargoyle Hexslinger began the quest for the Orb.
     0 | D:1      | Reached XP level 1. HP: 12/12 MP: 2/2
     0 | D:1      | 0 ||| qw: Version: 0.3-a-52-g30416fa
     0 | D:1      | 0 ||| qw: Game counter: 5748
     0 | D:1      | 0 ||| qw: Melee chars always use a shield: true
     0 | D:1      | 0 ||| qw: God list: Okawaru
     0 | D:1      | 0 ||| qw: Allow faded altars: false
     0 | D:1      | 0 ||| qw: Do Orc after clearing Dungeon:15 true
     0 | D:1      | 0 ||| qw: Do second Lair branch before Depths: true
     0 | D:1      | 0 ||| qw: Lair rune preference: random
     0 | D:1      | 0 ||| qw: Goals: Normal
     0 | D:1      | 0 ||| PLANNING D:1-11
    56 | D:1      | Reached XP level 2. HP: 16/16 MP: 3/3
    72 | D:1      | 72 ||| FLEEEEING.
   119 | D:1      | Reached skill level 3 in Ranged Weapons
   137 | D:1      | Found Qeranuisk's Armour Boutique.
   146 | D:1      | 146 ||| SHOPLISTING +0 pair of boots (54 gold, have 0).
   146 | D:1      | 146 ||| SHOPLISTING +1 cloak of Starlight {*Dazzle EV+4
                  | Stlth--} (366 gold, have 0).
   659 | D:1      | 659 ||| UPGRADING to +0 leather armour.
   669 | D:1      | 669 ||| DROPPING +0 robe.
   670 | D:1      | 670 ||| READING scroll labelled BOEWY QOACOTRO.
   671 | D:1      | 671 ||| READING scroll labelled PUINOGITIUGG.
   772 | D:1      | 772 ||| READING scroll labelled JECKIF ROBUS.
   773 | D:1      | 773 ||| DRINKING 2 brown potions.
   774 | D:1      | 774 ||| DROPPING scroll of poison.
   808 | D:2      | Reached XP level 3. HP: 20/21 MP: 4/4
   949 | D:2      | 949 ||| Stepping ~*~*~tactically~*~*~ (water).
   966 | D:2      | 966 ||| Stepping ~*~*~tactically~*~*~ (water).
  1058 | D:2      | Reached XP level 4. HP: 26/26 MP: 5/5
  1086 | D:2      | 1086 ||| Stepping ~*~*~tactically~*~*~ (water).
  1143 | D:2      | Reached skill level 4 in Ranged Weapons
  1147 | D:2      | 1147 ||| FLEEEEING.
  1148 | D:2      | 1148 ||| FLEEEEING.
  1149 | D:2      | 1149 ||| FLEEEEING.
  1150 | D:2      | 1150 ||| FLEEEEING.
  1151 | D:2      | 1151 ||| FLEEEEING.
  1152 | D:2      | 1152 ||| FLEEEEING.
  1153 | D:2      | 1153 ||| FLEEEEING.
  1154 | D:2      | 1154 ||| STAIRDANCE
  1172 | D:1      | 1172 ||| UPGRADING to +0 helmet.
  1177 | D:1      | 1177 ||| UPGRADING to +0 ring mail.
  1187 | D:1      | 1187 ||| DROPPING +0 leather armour.
  1188 | D:1      | 1188 ||| READING scroll labelled RAULEOKYMA.
  1189 | D:1      | 1189 ||| DRINKING 2 smoky orange potions.
  1190 | D:1      | 1190 ||| DROPPING potion of degeneration.
  1193 | D:2      | 1193 ||| STAIRDANCE
  1270 | D:2      | HP: 3/26 [gnoll/+0 flail (7)]
  1271 | D:2      | 1271 ||| DRINKING 2 potions of heal wounds.
  1275 | D:2      | Reached skill level 1 in Armour
  1450 | D:2      | Noticed Jessica
  1454 | D:2      | Killed Jessica
  1455 | D:2      | Reached XP level 5. HP: 30/30 MP: 6/6
  1698 | D:2      | Reached skill level 5 in Ranged Weapons
  1912 | D:2      | 1912 ||| READING scroll labelled FAN JADIONT.
  1913 | D:2      | 1913 ||| READING 3 scrolls of identify.
  1913 | D:2      | 1913 ||| IDENTIFYING ruby potion
  1914 | D:2      | 1914 ||| READING 2 scrolls of identify.
  1914 | D:2      | 1914 ||| IDENTIFYING cyan potion
  1915 | D:2      | 1915 ||| DROPPING potion of berserk rage.
  2051 | D:3      | Noticed an ogre
  2060 | D:3      | 2060 ||| FLEEEEING.
  2061 | D:3      | 2061 ||| FLEEEEING.
  2062 | D:3      | 2062 ||| FLEEEEING.
  2073 | D:3      | 2073 ||| READING scroll labelled JEPHUG HYXECUE.
  2073 | D:3      | Identified a scroll of acquirement
  2073 | D:3      | 2073 ||| ACQUIRING +4 ring mail of Complete Protection
                  | {+Inv rElec Dex-3}
  2073 | D:3      | Acquired the +4 ring mail of Complete Protection {+Inv
                  | rElec Dex-3}
  2111 | D:3      | 2111 ||| UPGRADING to +4 ring mail of Complete Protection
                  | {+Inv rElec Dex-3}.
  2121 | D:3      | 2121 ||| DROPPING +0 ring mail.
  2170 | D:3      | 2170 ||| Stepping ~*~*~tactically~*~*~ (water).
  2172 | D:3      | HP: 6/31 [ogre/+0 giant club (25)]
  2173 | D:3      | 2173 ||| DRINKING potion of heal wounds.
  2177 | D:3      | Mangled by an ogre

Levels and vault maps discovered:
D:1:      sevenhm_arrival_forest_fort_small_4, layout_basic, serial_shops, shop
D:2:      minmay_diamond_boxcup, layout_loops_ring, serial_bayou,
          serial_bayou_shore_a, serial_bayou_pond_b, serial_bayou_lagoon_b,
          serial_bayou_pond_c, uniq_jessica
D:3:      layout_basic, chequers_big_river

Skill      XL: |  1  2  3  4  5 |
---------------+----------------+-----
Ranged Weapons | 3 4 5 |  5.1
Fighting       | 2 |  2.7
Armour         | 1 |  1.3
Dodging        | |  1.5
Spellcasting   | |  1.0
Hexes          | |  2.6

Action                     |  1- 3 |  4- 6 || total
---------------------------+-------+-------++-------
   Fire: Sling             |   116 |   165 ||   281
    Use: Scroll            |     3 |     5 ||     8
         Potion            |     1 |     3 ||     4
 Armour: Robe              |     3 |       ||     3
         Leather armour    |    14 |       ||    14
         Ring mail         |       |    45 ||    45
  Dodge: Dodged            |    39 |    59 ||    98

Table legend:
 A = Non-vault XP
 B = Vault XP
 C = Vault XP percentage of total XP
 D = Non-vault monster count
 E = Vault monster count
 F = Vault count percentage of total count
                 A         B        C        D         E       F
            +---------+---------+-------+---------+---------+-------
      Total |     185 |     111 |  37.5 |      49 |      15 |  23.4
            +---------+---------+-------+---------+---------+-------
        D:1 |      47 |       0 |   0.0 |      19 |       0 |   0.0
        D:2 |      97 |     111 |  53.4 |      26 |      15 |  36.6
        D:3 |      41 |       0 |   0.0 |       4 |       0 |   0.0
            +---------+---------+-------+---------+---------+-------
